 Dungeon Crawl Stone Soup version 0.30-a0-737-gf23d94013f (webtiles) character file.

Game seed: 10097922762588482300

137 jimonade the Magician (level 5, -1/37 HPs)
             Began as a Gnoll Hedge Wizard on Feb 2, 2023.
             Slain by Ijyb
             ... wielding a +2 dagger of freezing
              (3 damage)
             ... on level 4 of the Dungeon.
             The game lasted 00:07:09 (3449 turns).

jimonade the Magician (Gnoll Hedge Wizard)          Turns: 3449, Time: 00:07:09

Health: -1/37      AC:  2    Str: 12    XL:     5   Next: 20%
Magic:  5/14       EV: 13    Int: 13    God:
Gold:   101        SH:  0    Dex: 11    Spells: 12/18 levels left

rFire   . . .      SeeInvis .    a - +2 dagger (vamp)
rCold   . . .      Faith    .    (no shield)
rNeg    . . .      Spirit   .    v - +0 robe
rPois   .          Reflect  .    c - +0 hat
rElec   .          Harm     .    (no cloak)
rCorr   .          Rampage  .    (no gloves)
Will    .....                    (no boots)
Stlth   ++                       (no amulet)
HPRegen 0.26/turn                (no ring)
MPRegen 0.14/turn                (no ring)

@: very slightly contaminated
A: fangs 1, strong nose, distributed training
a: no special abilities


You were on level 4 of the Dungeon.
You visited 1 branch of the dungeon, and saw 4 of its levels.

You collected 101 gold pieces.

Inventory:

Hand Weapons
 a - a +2 vampiric dagger (weapon)
 b - a +0 sling
 q - a +0 trident
Missiles
 n - 51 stones
 y - a throwing net
Armour
 c - a +0 hat (worn)
 h - a +0 leather armour
 p - a +0 ring mail
 v - a +0 robe (worn)
 w - a +0 leather armour
 x - the +4 ring mail "Enleloq" {+Inv Int+3}
   (You found it on level 2 of the Dungeon)

   Int:       It affects your intelligence (+3).
   +Inv:      It lets you turn invisible.
Magical Staves
 i - a staff of death
Wands
 r - a wand of polymorph (5)
Scrolls
 e - 2 scrolls of teleportation {unknown}
 f - a scroll of torment {unknown}
 g - a scroll of fog {unknown}
 k - a scroll of enchant weapon {unknown}
 s - a scroll of identify {unknown}
 t - a scroll of enchant armour {unknown}
Potions
 d - 2 potions of magic
 j - 2 potions of heal wounds {unknown}
 l - a potion of mutation {unknown}
 m - a potion of haste {unknown}
 o - 2 potions of degeneration {unknown}
 u - 3 potions of curing {unknown}
 z - a potion of might {unknown}


   Skills:
 + Level 1.4 Fighting
 + Level 1.4 Short Blades
 + Level 1.4 Long Blades
 + Level 1.4 Axes
 + Level 1.4 Maces & Flails
 + Level 1.4 Polearms
 + Level 1.4 Staves
 + Level 1.4 Ranged Weapons
 + Level 1.4 Throwing
 + Level 1.4 Armour
 + Level 4.8 Dodging
 + Level 4.4 Stealth
 + Level 1.4 Shields
 + Level 1.4 Unarmed Combat
 + Level 7.3 Spellcasting
 + Level 2.4 Conjurations
 + Level 1.1 Hexes
 + Level 2.4 Summonings
 + Level 1.1 Necromancy
 + Level 2.4 Translocations
 + Level 1.1 Transmutations
 + Level 1.1 Fire Magic
 + Level 1.1 Ice Magic
 + Level 1.1 Air Magic
 + Level 1.1 Earth Magic
 + Level 1.1 Poison Magic
 + Level 1.6 Invocations
 + Level 1.4 Evocations


You had 12 spell levels left.
You knew the following spells:

 Your Spells              Type           Power      Damage    Failure   Level
a - Magic Dart            Conj           44%        1d5       5%          1
b - Blink                 Tloc           22%        N/A       9%          2
c - Call Imp              Summ           11%        N/A       9%          2
d - Slow                  Hex            28%        N/A       9%          1

Your spell library contained the following spells:

 Spells                   Type           Power      Damage    Failure   Level
 Summon Small Mammal      Summ           44%        N/A       5%          1
 Cigotuvi's Dreadful Rot  Necr/Pois/Air  14%        N/A       14%         2
 Call Canine Familiar     Summ           11%        N/A       17%         3
 Mephitic Cloud           Conj/Pois/Air  8%         N/A       22%         3
 Summon Guardian Golem    Hex/Summ       9%         N/A       22%         3
 Inner Flame              Hex/Fire       7%         N/A       26%         3
 Cause Fear               Hex            3%         N/A       65%         4
 Discord                  Hex            3%         N/A       100%        8


Dungeon Overview and Level Annotations

Branches:
Dungeon (4/15)
 Temple: D:4-7

Altars:
Elyvilon
Uskayaw

Annotations:
D:3 1 runed translucent door, Crazy Yiuf, Grinder, Sigmund
D:4 Ijyb


Innate Abilities, Weirdness & Mutations

You have very sharp teeth.
Your uncanny sense of smell can sniff out nearby items.
Your experience applies equally to all skills.


Message History

Your white imp disappears in a puff of smoke!
Ijyb screams, "Me kill you!"
Ijyb screams, "You nasty!
Big nasty!"
Ijyb zaps a wand.
The puff of flame hits you!
Casting: Call Imp (safe; 9% risk of failure)
Confirm with . or Enter, or press ? or * to list all spells.
A beastly little devil appears in a puff of flame.
Ijyb misses you.
The magic dart hits Ijyb but does no damage.
Your crimson imp hits Ijyb.
Ijyb hits you with a +2 dagger of freezing.
Ijyb freezes you.
The magic dart hits Ijyb but does no damage.
Ijyb is lightly wounded.
Your crimson imp hits Ijyb but does no damage.
Ijyb closely misses you.
You miscast Magic Dart.
You are very lightly contaminated with residual magic.
Nothing appears to happen.
Ijyb hits you with a +2 dagger of freezing.
Ijyb freezes you.
Your crimson imp blinks!
The magic dart hits Ijyb but does no damage.
Ijyb is lightly wounded.
Ijyb zaps a wand.
The puff of flame hits you!
Casting: Magic Dart (safe; 5% risk of failure)
Confirm with . or Enter, or press ? or * to list all spells.
A metallic apparition takes form in the air.
Ijyb hits you with a +2 dagger of freezing.
* * * LOW HITPOINT WARNING * * *
Ijyb freezes you.
* * * LOW HITPOINT WARNING * * *
Unknown command.
Ijyb attacks as you move away! Ijyb hits you but does no damage.
Found 8 stones.
Ijyb attacks as you move away!
Ijyb hits you with a +2 dagger of freezing.
* * * LOW HITPOINT WARNING * * *
Ijyb freezes you.
You die...

..# ... ## ## .... #$#
.∆ ∆ .).##.####### .#
#~~†P♣♣♣P)≈≈# ###.#
#≈~......P~≈######...
#.PP♣♣g♣♣PP....5.#.# ∆
#P.♣♣P.P♣♣.P...g...#
♣.♣P...P♣.♣#.##@#.#
#♣...._....♣..##.#...
.♣.♣P...P♣.♣.###.###.#
...♣♣P.P♣♣.P! #.# .#
#...♣♣.♣♣P..## #.# #
#≈~...P..P~≈ #.#
#≈≈.P♣♣♣P.~≈ #.#
###### .. #(# ##


You could see Ijyb (ally target) and a friendly iron imp (summoned).

Vanquished Creatures
  Jessica (D:2)
  A gnoll (D:1)
  An adder (D:2)
  4 dart slugs
  4 ball pythons
  5 bats
  5 endoplasms
  A giant cockroach (D:2)
  10 goblins
  6 hobgoblins
  4 jackals (D:2)
  8 kobolds
  3 quokkas
  7 frilled lizards
  7 rats
67 creatures vanquished.

Vanquished Creatures (collateral kills)
  An adder (D:3)
  An endoplasm (D:4)
  A kobold (D:4)
3 creatures vanquished.

Vanquished Creatures (others)
  A butterfly (D:4)
  A plant (D:3)
2 creatures vanquished.

Grand Total: 72 creatures vanquished

Notes
Turn   | Place    | Note
-------+----------+-------------------------------------------
     0 | D:1      | jimonade the Gnoll Hedge Wizard began the quest for the
                  | Orb.
     0 | D:1      | Reached XP level 1. HP: 13/13 MP: 8/8
   115 | D:1      | Reached XP level 2. HP: 19/19 MP: 1/10
   332 | D:1      | Reached XP level 3. HP: 2/25 MP: 2/11
   626 | D:1      | Reached skill level 1 in Invocations
   812 | D:1      | Reached skill level 1 in Fighting
   812 | D:1      | Reached skill level 1 in Short Blades
   812 | D:1      | Reached skill level 1 in Long Blades
   812 | D:1      | Reached skill level 1 in Axes
   812 | D:1      | Reached skill level 1 in Maces & Flails
   812 | D:1      | Reached skill level 1 in Polearms
   812 | D:1      | Reached skill level 1 in Staves
   812 | D:1      | Reached skill level 1 in Ranged Weapons
   812 | D:1      | Reached skill level 1 in Throwing
   812 | D:1      | Reached skill level 1 in Armour
   812 | D:1      | Reached skill level 1 in Shields
   812 | D:1      | Reached skill level 1 in Unarmed Combat
   812 | D:1      | Reached skill level 1 in Evocations
  1681 | D:2      | Noticed Jessica
  1701 | D:2      | Killed Jessica
  1702 | D:2      | Reached XP level 4. HP: 21/32 MP: 3/13
  1806 | D:2      | Learned a level 2 spell: Blink
  1809 | D:2      | Learned a level 2 spell: Call Imp
  1836 | D:2      | Reached skill level 1 in Hexes
  1836 | D:2      | Reached skill level 1 in Necromancy
  1836 | D:2      | Reached skill level 1 in Transmutations
  1836 | D:2      | Reached skill level 1 in Fire Magic
  1836 | D:2      | Reached skill level 1 in Ice Magic
  1836 | D:2      | Reached skill level 1 in Air Magic
  1836 | D:2      | Reached skill level 1 in Earth Magic
  1836 | D:2      | Reached skill level 1 in Poison Magic
  2464 | D:2      | Identified the +4 ring mail "Enleloq" {+Inv Int+3}
  2567 | D:2      | Reached XP level 5. HP: 37/37 MP: 12/14
  2827 | D:3      | Found a runed translucent door.
  2828 | D:3      | Noticed Crazy Yiuf
  2869 | D:3      | Noticed a +0 hand axe
  2869 | D:3      | Noticed a +0 hand axe
  2873 | D:3      | Found a hide-covered altar of Uskayaw.
  2874 | D:3      | Noticed Grinder
  2935 | D:3      | Found a faded altar of an unknown god.
  2957 | D:3      | Learned a level 1 spell: Slow
  3146 | D:3      | Noticed Sigmund
  3406 | D:4      | Found a white marble altar of Elyvilon.
  3418 | D:4      | Noticed Ijyb
  3449 | D:4      | Slain by Ijyb

Illustrated notes

Levels and vault maps discovered:
D:1:      saegor_arrival_fortress, layout_basic, chequers_serial_rivers_large_b,
          minmay_vboxes
D:2:      layout_basic, uniq_jessica
D:3:      layout_rooms, dancing_weapons_uskayaw,
          shapermc_ecumenical_altar_mp_ritualfount, minmay_strange_pillars,
          lexackson_kobold_supper, uniq_sigmund, uniq_grinder,
          uniq_crazy_yiuf_cottage
D:4:      layout_loops_ring, nicolae_elyvilon_peaceful_grove, uniq_edmund,
          uniq_eustachio, uniq_ijyb

Skill      XL: |  1  2  3  4 |
---------------+-------------+-----
Conjurations   | 2 |  2.4
Summonings     | 2 |  2.4
Translocations | 2 |  2.4
Invocations    | 1 |  1.6
Fighting       | 1 |  1.4
Short Blades   | 1 |  1.4
Long Blades    | 1 |  1.4
Axes           | 1 |  1.4
Maces & Flails | 1 |  1.4
Polearms       | 1 |  1.4
Staves         | 1 |  1.4
Ranged Weapons | 1 |  1.4
Throwing       | 1 |  1.4
Armour         | 1 |  1.4
Shields        | 1 |  1.4
Unarmed Combat | 1 |  1.4
Evocations     | 1 |  1.4
Hexes          | 1 |  1.1
Necromancy     | 1 |  1.1
Transmutations | 1 |  1.1
Fire Magic     | 1 |  1.1
Ice Magic      | 1 |  1.1
Air Magic      | 1 |  1.1
Earth Magic    | 1 |  1.1
Poison Magic   | 1 |  1.1
Dodging        | |  4.8
Stealth        | |  4.4
Spellcasting   | |  7.3

Action                     |  1- 3 |  4- 6 || total
---------------------------+-------+-------++-------
  Melee: Dagger            |    15 |     1 ||    16
         Bite              |     1 |       ||     1
   Cast: Magic Dart        |    83 |    85 ||   168
         Call Imp          |       |     4 ||     4
 Armour: Robe              |     1 |     4 ||     5
  Dodge: Dodged            |    20 |    20 ||    40

Table legend: (Time is in decaauts)
 A = Elapsed time spent in this place.
 B = Non-inter-level travel time spent in this place.
 C = Inter-level travel time spent in this place.
 D = Time resting spent in this place.
 E = Time spent auto-exploring this place.
 F = Levels seen in this place.
 G = Mean time per level.
                   A        B        C        D        E       F      G
               +--------+--------+--------+--------+--------+-----+--------+
         Total |   3473 |   3236 |    237 |    117 |   2486 |   4 |  868.2 |
       Dungeon |   3473 |   3236 |    237 |    117 |   2486 |   4 |  868.2 |
               +--------+--------+--------+--------+--------+-----+--------+

Top non-repeatable levels by time:
     D:1: 1681 daAuts
     D:2: 986 daAuts
     D:3: 714 daAuts
     D:4: 90 daAuts
